Map: Jagannatha LE

Players

A.I. 1 (Very Easy)

  • Race: Protoss Protoss

crook - Winner!

  • Race: Zerg Zerg
  • League: Platinum

VOD

Have the link to the VOD?

Description

Time

  • Played on: May 9, 2021, 7:41 p.m.
  • Length: 11:25
Show
View Real Time Build Order
Export as new Build Order

A.I. 1 (Very Easy) Protoss 

Build Orders: 1 Gate Expand, Nexus First 

Get SALT Encoding   

  12  0:00  Probe  
  13  0:13  Probe  
  14  0:19  Pylon  
  14  0:43  Gateway  
  14  1:02  Nexus  
  14  1:20  Pylon  
  14  1:22  Zealot  
  14  1:24  Assimilator  
  16  1:37  Cybernetics Core  
  16  1:39  Probe  
  17  1:51  Probe  
  18  2:00  Assimilator  
  18  2:01  Probe  
  18  2:06  Stalker  
  19  2:09  Probe  
  22  2:18  Probe  
  23  2:24  Probe  
  23  2:25  Warp Gate  
  24  2:32  Probe  
  25  2:39  Probe  
  26  2:49  Probe  
  27  2:52  Pylon  
  27  2:56  Probe  
  28  3:02  Probe  
  29  3:11  Probe  
  29  3:12  Robotics Facility  
  30  3:14  Probe  
  31  3:21  Zealot  
  31  3:25  Probe  
  34  3:28  Probe  
  35  3:39  Probe  
  36  3:46  Probe  
  36  3:48  Assimilator  
  37  3:54  Probe  
  38  4:00  Observer  
  38  4:01  Probe  
  38  4:02  Assimilator  
  40  4:06  Probe  
  41  4:15  Observer, Probe  
  42  4:18  Probe  
  44  4:28  Sentry  
  44  4:30  Probe  
  47  4:35  Pylon  
  47  4:37  Probe  
  48  4:44  Probe  
  49  4:51  Probe  
  50  8:15  Observer  
  50  9:28  Sentry  
  44  9:35  Observer  
  42  9:48  Immortal  
  35  10:00  Pylon, Probe  
  26  10:12  Probe  
  27  10:18  Gateway  
  27  10:20  Pylon  
  27  10:21  Robotics Bay  
  27  10:24  Probe  
  27  10:25  Cybernetics Core  
  25  10:36  Probe  
  4  10:57  Pylon  
Show
View Real Time Build Order
Export as new Build Order

crook Zerg - Winner!

Build Orders: Hatch First 

Get SALT Encoding   

  12  0:00  Drone  
  13  0:13  Overlord  
  13  0:17  Drone  
  14  0:32  Drone x2  
  16  0:49  Hatchery  
  15  0:52  Drone  
  15  0:56  Drone  
  17  1:13  Spawning Pool  
  17  1:14  Drone  
  17  1:17  Drone  
  18  1:28  Extractor, Drone  
  18  1:29  Drone  
  19  1:49  Drone  
  19  1:54  Overlord  
  20  2:03  Drone x2  
  20  2:05  Queen x2  
  26  2:15  Drone  
  26  2:17  Drone  
  28  2:25  Drone  
  28  2:26  Overlord  
  29  2:37  Drone x2  
  31  2:47  Queen, Lair  
  31  2:50  Drone x2  
  35  2:56  Drone x2  
  37  3:06  Overlord  
  37  3:12  Drone  
  38  3:17  Drone x6  
  44  3:23  Roach Warren  
  44  3:24  Evolution Chamber  
  44  3:26  Queen  
  44  3:28  Drone x2  
  46  3:35  Drone x2  
  46  3:40  Extractor  
  47  3:43  Extractor  
  47  3:48  Drone x3  
  47  3:50  Drone  
  47  3:52  Hatchery, Drone  
  47  3:53  Drone  
  51  3:57  Zerg Missile Weapons Level 1  
  51  4:07  Overlord x2  
  51  4:09  Glial Reconstitution  
  51  4:23  Drone  
  52  4:26  Roach x5  
  52  4:30  Extractor  
  61  4:37  Roach  
  63  4:50  Roach  
  63  4:52  Drone x3  
  68  4:54  Overlord  
  68  5:04  Evolution Chamber  
  67  5:10  Hydralisk Den  
  67  5:12  Drone x9  
  75  5:15  Overlord  
  75  5:23  Overlord x2  
  75  5:44  Muscular Augments  
  75  5:47  Zerg Ground Armor Level 1  
  75  5:51  Drone x11  
  75  5:56  Extractor  
  75  5:57  Extractor  
  84  6:07  Hatchery  
  84  6:11  Overlord x3  
  83  6:12  Hydralisk x7  
  83  6:18  Drone x2  
  99  6:26  Zerg Missile Weapons Level 2  
  99  6:34  Infestation Pit  
  98  6:42  Hydralisk x8  
  114  6:56  Grooved Spines  
  114  7:04  Queen  
  116  7:17  Hydralisk x2  
  116  7:18  Hydralisk  
  116  7:20  Drone x9  
  131  7:25  Hive  
  131  7:31  Overlord  
  131  7:32  Overlord x3  
  131  7:34  Drone x5  
  136  7:42  Overseer x2  
  136  8:01  Drone x5  
  136  8:05  Extractor  
  140  8:06  Extractor  
  140  8:10  Zerg Ground Armor Level 2  
  139  8:14  Hatchery  
  139  8:16  Drone x2  
  139  8:17  Drone x3  
  139  8:18  Drone  
  144  8:31  Hydralisk  
  144  8:32  Hydralisk x5  
  144  8:33  Overlord x4  
  156  8:34  Hydralisk x3  
  162  8:53  Hydralisk x9  
  162  8:54  Hydralisk x4  
  188  9:03  Hydralisk x4  
  188  9:07  Hydralisk x2  
  200  9:34  Spore Crawler  
  200  9:36  Spine Crawler  
  200  9:37  Spine Crawler, Drone x3  
  200  10:14  Lurker Den  
  200  10:17  Spine Crawler  
  200  10:18  Spore Crawler  
  197  10:24  Spine Crawler, Drone x3  
  197  10:25  Drone  
  200  10:39  Spore Crawler  
  199  10:43  Spine Crawler  
  199  10:45  Spine Crawler  
  199  10:49  Spine Crawler  
  196  10:51  Spore Crawler  
  196  10:53  Drone x5  
Tags
 
Add a new tag
Caveats
  • Supply blocks, unpowered buildings, or Contaminate may cause inaccurate times.
  • Supply counts are checked every 10 seconds.